 Dungeon Crawl Stone Soup version 0.32-a0-768-g0f6f1dd4b9 (webtiles) character file.

Game seed: 3792201906232100290

1565 Sandpaper2 the Destroyer (level 8, -1/66 HPs)
             Began as a Mountain Dwarf Fighter on Mar 8, 2024.
             Slain by a yak (9 damage)
             ... on level 6 of the Dungeon on Mar 18, 2024.
             The game lasted 00:28:05 (4397 turns).

Sandpaper2 the Destroyer (Mountain Dwarf Fighter)   Turns: 4397, Time: 00:28:06

Health: -1/66      AC: 11    Str: 19    XL:     8   Next: 59%
Magic:  0/8        EV:  8    Int: 17    God:
Gold:   372        SH:  4    Dex:  9    Spells: 6/7 levels left

rFire   . . .        a - +0 war axe (elec)
rCold   + . .        c - +0 buckler
rNeg    . . .        b - +0 scale mail
rPois   .            (no helmet)
rElec   .            n - +0 cloak
rCorr   .            w - +1 pair of gloves
SInv    +            t - +0 pair of boots
Will    .....        H - amulet of guardian spirit Stlth
                     e - ring of see invisible
HPRegen 0.00/turn    D - +6 ring of intelligence
MPRegen 0.11/turn

%: guardian spirit
@: mighty, inhibited regen
A: runic magic, artefact enchanting, cold resistance 1, inhibited regeneration
a: no special abilities


You were on level 6 of the Dungeon.
You visited 1 branch of the dungeon, and saw 6 of its levels.

You collected 372 gold pieces.

Inventory:

Hand Weapons
 a - a +0 war axe of electrocution (weapon)
 f - a +0 arbalest
 i - a -3 dagger
Missiles
 h - 5 boomerangs (quivered)
Armour
 b - a +0 scale mail (worn)
 c - a +0 buckler (worn)
 n - a +0 cloak (worn)
 t - a +0 pair of boots (worn)
 w - a +1 pair of gloves (worn)
 x - a +0 crystal plate armour
 A - a +0 plate armour
Jewellery
 e - a ring of see invisible (left hand)
 k - an amulet of the acrobat
 s - a ring of ice
 u - a ring of ice
 D - a +6 ring of intelligence (right hand)
 E - a ring of protection from cold
 F - a ring of willpower
 H - an amulet of guardian spirit (around neck)
Wands
 q - a wand of paralysis (6)
 G - a wand of digging (6)
Scrolls
 j - 2 scrolls of silence
 l - 2 scrolls of immolation
 o - a scroll of fog
 p - a scroll of noise
 r - a scroll of fear
 v - 2 scrolls of amnesia
Potions
 g - a potion of cancellation
 m - a potion of haste


   Skills:
 - Level 4.0 Fighting
 - Level 4.3 Axes
 - Level 0.5 Throwing
 - Level 4.3 Armour
 - Level 0.8 Dodging
 - Level 3.4 Shields
 + Level 8.7 Conjurations


You had 6 spell levels left.
You knew the following spells:

 Your Spells              Type           Power      Damage    Failure   Level
a - Shock                 Conj/Air       56%        1d6       6%          1

Your spell library contained the following spells:

 Spells                   Type           Power      Damage    Failure   Level
 Ensorcelled Hibernation  Hex/Ice        0%         N/A       50%         2
 Frozen Ramparts          Ice            0%         1d1       75%         3
 Fugue of the Fallen      Necr           0%         N/A       75%         3
 Swiftness                Air            0%         N/A       75%         3
 Arcjolt                  Conj/Air       7%         1d17      87%         5
 Airstrike                Air            0%         2d(0-16)  98%         4
 Anguish                  Hex/Necr       0%         N/A       98%         4
 Leda's Liquefaction      Alch/Erth      0%         N/A       98%         4
 Passage of Golubria      Tloc           0%         N/A       98%         4
 Petrify                  Alch/Erth      0%         N/A       98%         4
 Vhi's Electric Charge    Tloc/Air       0%         N/A       98%         4
 Metabolic Englaciation   Hex/Ice        0%         N/A       100%        5
 Silence                  Hex/Air        0%         N/A       100%        5
 Lehudib's Crystal Spear  Conj/Erth      7%         10d3      100%        8
 Maxwell's Capacitive Co  Air            0%         ∞         100%        8


Dungeon Overview and Level Annotations

Branches:
Dungeon (6/15)             Temple (0/1) D:6

Altars:
Ashenzari
Qazlal
The Shining One

Shops:
D:3 (


Innate Abilities, Weirdness & Mutations

Your spellcasting is much less encumbered by armour.
You can use scrolls of enchantment on lesser artefacts.
Your flesh is cold resistant. (rC+)
You do not regenerate when monsters are visible.


Message History

You feel very mighty all of a sudden.
A yak comes into view.
The yak bellows!
You slash the yak!
The yak is moderately wounded.
The yak gores you.
You slash the yak!
The yak is almost dead.
You block the yak's attack. The yak gores you!
You hit the yak.
The yak is almost dead.
The yak barely misses you.
You slash the yak!
You kill the yak!
You barely miss the yak. The yak gores you!
You slash the yak!
The yak is moderately wounded.
You slash the yak! You closely miss the yak. The yak closely misses you.
The yak gores you. The yak closely misses you.
You slash the yak!
The yak is severely wounded.
You barely miss the yak. x2; You slash the yak!
The yak closely misses you. The yak barely misses you. The yak gores you.
The yak misses you. The yak barely misses you. The yak gores you!
The yak barely misses you.
You slash the yak!
The yak is moderately wounded.
You completely miss the yak. You hit the yak.
Lightning courses through the yak! You closely miss the yak.
You completely miss the yak. The yak gores you! You block the yak's attack.
The yak gores you!
* * * LOW HITPOINT WARNING * * *
The yak gores you but does no damage. The yak barely misses you.
You hit the yak.
The yak is heavily wounded.
You closely miss the yak. You slash the yak! You closely miss the yak.
You hit the yak but do no damage. Lightning courses through the yak!
The yak gores you!
* * * LOW HITPOINT WARNING * * *
The yak gores you!
You die...

#......#......##.)###
###.........##....# # #
##.#.##...#.......###
#.#...................#
......................#
..................##.###
#.................##...#
......YY.........##.....
......Y@...#.......###..
......YY.####......#.#..
........## ##..........#
...##...# #..........##
.. ..#.## #........### .
..### ##......## ###
#..#....# #####...#
#####


You could see 5 yaks.

Vanquished Creatures
  Grinder (D:5)
  A yak (D:6)
  An orc warrior (D:6)
  A sky beast (D:5)
  3 ice beasts
  3 scorpions
  An orc priest (D:5)
  5 bombardier beetles
  A sleepcap (D:4)
  4 iguanas
  2 orc wizards
  A gnoll (D:1)
  8 adders
  A shadow imp (D:5)
  A white imp (D:6)
  2 ufetubi (D:6)
  A dart slug (D:3)
  A ribbon worm (D:5)
  13 orcs
  8 ball pythons
  9 bats
  6 endoplasms
  A giant cockroach (D:3)
  4 goblins
  8 hobgoblins
  8 jackals
  A quokka (D:1)
  4 frilled lizards
  8 kobolds
  10 rats
118 creatures vanquished.

Notes
Turn   | Place    | Note
-------+----------+-------------------------------------------
     0 | D:1      | Sandpaper2 the Mountain Dwarf Fighter began the quest for
                  | the Orb.
     0 | D:1      | Reached XP level 1. HP: 19/19 MP: 1/1
     0 | D:1      | Upgraded the game from 0.32-a0-656-g3542139ebd to
                  | 0.32-a0-675-gdc239d62e1
   198 | D:1      | Reached XP level 2. HP: 26/26 MP: 2/2
   493 | D:1      | Reached XP level 3. HP: 33/33 MP: 3/3
   620 | D:1      | Found a faded altar of an unknown god.
   815 | D:2      | Learned a level 1 spell: Shock
   844 | D:2      | Reached XP level 4. HP: 23/40 MP: 4/4
   845 | D:2      | Found a stormy altar of Qazlal.
  1648 | D:3      | Reached XP level 5. HP: 46/46 MP: 5/5
  1929 | D:3      | Found Zoapune's Antique Weapon Boutique.
  2044 | D:3      | Upgraded the game from 0.32-a0-675-gdc239d62e1 to
                  | 0.32-a0-705-g60f233581c
  2357 | D:4      | Reached skill level 1 in Conjurations
  2477 | D:4      | You fall into a shaft and drop 1 floor!
  2477 | D:5      | Entered Level 5 of the Dungeon
  2618 | D:5      | Reached skill level 2 in Conjurations
  2656 | D:5      | Reached XP level 6. HP: 20/52 MP: 2/6
  2660 | D:5      | Gained mutation: Your spells are a little easier to cast,
                  | but a little less powerful. [potion of mutation]
  2660 | D:5      | Gained mutation: Your magical capacity is low. (-10% MP)
                  | [potion of mutation]
  2668 | D:5      | Reached skill level 3 in Conjurations
  2768 | D:5      | Upgraded the game from 0.32-a0-705-g60f233581c to
                  | 0.32-a0-768-g0f6f1dd4b9
  2827 | D:5      | Noticed an ice beast
  2834 | D:5      | Killed an ice beast
  2835 | D:5      | Reached skill level 4 in Conjurations
  2956 | D:5      | Lost mutation: Your spells are a little easier to cast, but
                  | a little less powerful. [potion of mutation]
  2956 | D:5      | Lost mutation: Your magical capacity is low. (-10% MP)
                  | [potion of mutation]
  2956 | D:5      | Gained mutation: Your spells are a little harder to cast,
                  | but a little more powerful. [potion of mutation]
  2956 | D:5      | Gained mutation: You are partially covered in iridescent
                  | scales. (AC +2) [potion of mutation]
  2965 | D:5      | Noticed a sky beast
  2979 | D:5      | Killed a sky beast
  2980 | D:5      | Reached XP level 7. HP: 43/59 MP: 4/7
  2994 | D:5      | Reached skill level 5 in Conjurations
  3142 | D:5      | Lost mutation: Your spells are a little harder to cast, but
                  | a little more powerful. [potion of mutation]
  3142 | D:5      | Lost mutation: You are partially covered in iridescent
                  | scales. (AC +2) [potion of mutation]
  3142 | D:5      | Gained mutation: You do not regenerate when monsters are
                  | visible. [potion of mutation]
  3142 | D:5      | Gained mutation: Your flesh is cold resistant. (rC+)
                  | [potion of mutation]
  3212 | D:5      | Reached skill level 6 in Conjurations
  3441 | D:5      | Noticed Grinder
  3456 | D:5      | Paralysed by Grinder for 2 turns
  3460 | D:5      | Killed Grinder
  3694 | D:6      | Reached skill level 7 in Conjurations
  3694 | D:6      | Reached XP level 8. HP: 30/66 MP: 4/8
  3950 | D:6      | Reached skill level 8 in Conjurations
  4041 | D:6      | Found a staircase to the Ecumenical Temple.
  4263 | D:6      | Found a glowing golden altar of the Shining One.
  4338 | D:6      | Found a broken altar of Ashenzari.
  4397 | D:6      | Slain by a yak

Illustrated notes

Levels and vault maps discovered:
D:1:      ncdulo_smallfort, layout_loops_ring, ebering_ecumenical_altar_rust,
          nrook_mini_backslash, glass_columns_b
D:2:      layout_rooms, basic_altar
D:3:      minmay_recursive_quarters, layout_basic, serial_shops,
          nicolae_shop_peninsula
D:4:      corexii_shack_village, layout_gridville, nicolae_zig_zag_zippers,
          uniq_pikel, uniq_edmund
D:5:      layout_loops_ring, uniq_grinder
D:6:      layout_cave_pools, nicolae_overflow_hidden_temple,
          mainiacjoe_overflow_big_doors, minmay_temple_entry_offerings,
          serial_park, serial_park_tiny_2, serial_park_square1
          [serial_park_minivault_5x5_5], serial_park_square1
          [serial_park_minivault_5x5_7]

Skill      XL: |  1  2  3  4  5  6  7  8 |
---------------+-------------------------+-----
Axes           | 3 4 |  4.3
Armour         | 4 |  4.3
Fighting       | 4 |  4.0
Conjurations   | 2 4 7 8 |  8.7
Throwing       | |  0.5
Dodging        | |  0.8
Shields        | |  3.4

Action                     |  1- 3 |  4- 6 |  7- 9 || total
---------------------------+-------+-------+-------++-------
  Melee: War axe           |    84 |   157 |    93 ||   334
  Throw: Boomerang         |       |    75 |       ||    75
   Cast: Shock             |       |     6 |    23 ||    29
    Use: Scroll            |     3 |     7 |     2 ||    12
         Potion            |       |     7 |     5 ||    12
 Armour: Scale mail        |    75 |   122 |    99 ||   296
  Dodge: Dodged            |    47 |    83 |    42 ||   172
  Block: Buckler           |    20 |    33 |    24 ||    77

Table legend: (Time is in decaauts)
 A = Elapsed time spent in this place.
 B = Non-inter-level travel time spent in this place.
 C = Inter-level travel time spent in this place.
 D = Time resting spent in this place.
 E = Time spent auto-exploring this place.
 F = Levels seen in this place.
 G = Mean time per level.
                   A        B        C        D        E       F      G
               +--------+--------+--------+--------+--------+-----+--------+
         Total |   4529 |   4406 |    123 |    474 |   2491 |   6 |  754.8 |
       Dungeon |   4529 |   4406 |    123 |    474 |   2491 |   6 |  754.8 |
               +--------+--------+--------+--------+--------+-----+--------+

Top non-repeatable levels by time:
     D:5: 1166 daAuts
     D:3: 899 daAuts
     D:6: 801 daAuts
     D:1: 781 daAuts
     D:2: 573 daAuts
     D:4: 307 daAuts
